 Dungeon Crawl Stone Soup version 0.18.1-6-gd335043 (webtiles) character file.

140 Hipnos the Covered (level 5, -2/41 HPs)
             Began as a Demonspawn Fighter on May 16, 2016.
             Slain by Crazy Yiuf
             ... wielding a +4 quarterstaff of chaos
              (11 damage)
             ... while paralysed by Crazy Yiuf
             ... on level 3 of the Dungeon.
             The game lasted 00:04:26 (1894 turns).

Hipnos the Covered (Demonspawn Fighter)             Turns: 1894, Time: 00:04:26

Health: -2/41      AC:  9    Str: 17    XL:     5   Next: 2%
Magic:  5/5        EV:  2    Int:  9    God:
Gold:   59         SH:  0    Dex: 13    Spells: 0 memorised, 4 levels left

rFire  . . .     SeeInvis .     a - +0 long sword
rCold  . . .     Gourm    .     i - +0 chain mail
rNeg   . . .     Faith    .     c - +0 shield
rPois  .         Spirit   .     (helmet restricted)
rElec  .         Dismiss  .     (no cloak)
rCorr  .         Reflect  .     (no gloves)
SustAt .         Harm     .     (no boots)
MR     .....                    (no amulet)
Stlth  ..........               (no ring)
                                j - ring of flight

@: paralysed, not resistant to hostile enchantments, extremely unstealthy
A: horns 1, powered by pain 1
a: Evoke Flight


You were on level 3 of the Dungeon.
You were hungry.

You visited 1 branch of the dungeon, and saw 3 of its levels.

You collected 59 gold pieces.

Inventory:

Hand Weapons
 a - a +0 long sword (weapon)
Armour
 b - a +0 scale mail
 c - a +0 shield (worn)
 i - a +0 chain mail (worn)
Jewellery
 j - a ring of flight (left hand)
Scrolls
 k - 2 scrolls of teleportation {unknown}
 l - a scroll of noise {unknown}
Potions
 h - a potion of resistance {unknown}
Comestibles
 d - a meat ration
 f - 2 bread rations
 g - a beef jerky


   Skills:
 + Level 3.6 Fighting
 * Level 2.6 Long Blades
 + Level 3.8 Armour
 + Level 0.8 Dodging
 + Level 3.2 Shields


You had 4 spell levels left.
You didn't know any spells.

Dungeon Overview and Level Annotations

Branches:
Dungeon (3/15)

Altars:
Ru

Annotations:
D:3 Crazy Yiuf


Innate Abilities, Weirdness & Mutations

You have a pair of small horns on your head.
You sometimes gain a little power by taking damage.


Message History

Crazy Yiuf cries, "Cards!
Shadow shoe childish."
The adder barely misses you.
Crazy Yiuf cries, "You leg down broken song, no?"
You block the orc's attack. The adder bites you but does no damage.
You block the orc's attack. The orc hits you but does no damage. x3
You hit the orc.
The orc is almost dead.
You block Crazy Yiuf's attack. You block the orc's attack.
The adder bites you but does no damage. The orc hits you with a short sword.
* * * LOW HITPOINT WARNING * * *
You block the orc's attack. Crazy Yiuf hits you but does no damage.
You suddenly lose the ability to move!
The orc hits you but does no damage. The adder completely misses you.
The orc hits you with a short sword.
* * * LOW HITPOINT WARNING * * *
The adder bites you but does no damage. The orc barely misses you.
Crazy Yiuf says, "Rifle!
Cod song pontify."
Crazy Yiuf hits you with a quarterstaff of chaos!
You die...

. o. #. ###. ....##
......
###..####################
(.........?....o@g......#
####.#...#...#.So#...#..#
#<............o....._#
###...#...#.[.#...#..#
......................#
#######################


You could see Crazy Yiuf, an adder and 3 orcs.

Vanquished Creatures
  Natasha (twice) (D:2)
  Terence (D:2)
  4 adders (D:2)
  A giant gecko (D:1)
  3 bats
  A giant cockroach (D:1)
  2 goblins (D:1)
  6 hobgoblins
  2 jackals (D:2)
  7 kobolds
  A ball python (D:2)
  7 rats
37 creatures vanquished.

Notes
Turn   | Place    | Note
--------------------------------------------------------------
     0 | D:1      | Hipnos the Demonspawn Fighter began the quest for the Orb.
     0 | D:1      | Reached XP level 1. HP: 18/18 MP: 1/1
   491 | D:1      | Gained mutation: You have a pair of small horns on your head. [demonic ancestry]
   491 | D:1      | Reached XP level 2. HP: 17/24 MP: 2/2
   797 | D:2      | Noticed Terence
   818 | D:2      | Killed Terence
   818 | D:2      | Reached XP level 3. HP: 11/29 MP: 3/3
  1011 | D:2      | Noticed Natasha
  1022 | D:2      | Killed Natasha
  1022 | D:2      | Reached XP level 4. HP: 31/35 MP: 4/4
  1228 | D:2      | Noticed Natasha
  1242 | D:2      | Killed Natasha
  1724 | D:2      | Gained mutation: You sometimes gain a little power by taking damage. [demonic ancestry]
  1724 | D:2      | Reached XP level 5. HP: 41/41 MP: 5/5
  1832 | D:2      | Noticed Crazy Yiuf
  1885 | D:3      | Found a sacrificial altar of Ru.
  1893 | D:3      | Paralysed by Crazy Yiuf for 3 turns
  1894 | D:3      | Slain by Crazy Yiuf

Skill      XL: |  1  2 |
---------------+-------+-----
Long Blades    | 2 |  2.6
Armour         | 3 |  3.8
Shields        | 3 |  3.2
Fighting       | |  3.6
Dodging        | |  0.8

Action                   |  1- 3 |  4- 6 || total
-------------------------+-------+-------++-------
Melee: Long sword        |    63 |    53 ||   116
       Headbutt          |     5 |     6 ||    11
  Use: Potion            |     3 |     1 ||     4
  Eat: Chunk             |       |     3 ||     3
Armor: Scale mail        |     4 |       ||     4
       Chain mail        |    29 |    46 ||    75
Dodge: Dodged            |    14 |    18 ||    32
Block: Shield            |    25 |    40 ||    65
